 Seeded DCSS version 0.30.1 (webtiles) character file.

Game seed: 1882581695637917331 (custom seed)

26413 McKennaii the Destroyer (level 12, 0/81 HPs)
             Began as a Demigod Conjurer on July 13, 2023.
             Killed from afar by an ice statue (9 damage)
             ... with a freezing blast
             ... in an ice cave.
             The game lasted 00:22:35 (20222 turns).

McKennaii the Destroyer (Demigod Conjurer)         Turns: 20222, Time: 00:22:35

Health: 0/81       AC: 14    Str: 11    XL:     12   Next: 61%
Magic:  21/33      EV: 16    Int: 39    God:
Gold:   1610       SH:  5    Dex: 12    Spells: 29/36 levels left

rFire   x . .        s - +7 flail (drain)
rCold   + . .        (no shield)
rNeg    . . .        E - +0 acid dragon scales
rPois   .            S - +0 helmet
rElec   .            N - +0 cloak
rCorr   +            p - +2 pair of gloves
SInv    .            m - +0 pair of boots
Will    +....        d - amulet of Narojool {Reflect Str+3 Int+3 SH+5}
Stlth   +            J - +5 ring of evasion
HPRegen 0.33/turn    w - ring of ice
MPRegen 0.23/turn

%: reflection
@: no status effects
A: high MP 1, forlorn, divine attributes
a: no special abilities


You were in an ice cave.
You visited 2 branches of the dungeon, and saw 13 of its levels.
You also visited: Sewer, Bailey and Ice Cave.

You collected 1610 gold pieces.

Inventory:

Hand Weapons
 s - a +7 flail of draining (weapon)
Missiles
 G - 11 throwing nets
Armour
 m - a +0 pair of boots (worn)
 p - a +2 pair of gloves (worn)
 E - +0 acid dragon scales (worn)
 N - a +0 cloak (worn)
 S - a +0 helmet (worn)
Jewellery
 d - the amulet of Narojool (around neck) {Reflect Str+3 Int+3 SH+5}
   (You acquired it on level 4 of the Dungeon)

   [amulet of reflection]

   It reflects blocked missile attacks.
   Str:       It affects your strength (+3).
   Int:       It affects your intelligence (+3).
   SH:        It affects your SH (+5).
 w - a ring of ice (right hand)
 I - a ring of fire
 J - a +5 ring of evasion (left hand)
Wands
 a - a wand of charming (13)
 u - a wand of iceblast (9)
 H - a wand of polymorph (7)
 P - a wand of flame (2)
Scrolls
 e - 6 scrolls of amnesia
 f - 4 scrolls of poison
 g - 2 scrolls of silence
 i - 6 scrolls of magic mapping
 j - 3 scrolls of blinking
 k - 6 scrolls of enchant weapon
 o - a scroll of enchant armour {unknown}
 x - 2 scrolls of brand weapon
 y - 4 scrolls of immolation {unknown}
 A - 7 scrolls of teleportation {unknown}
 B - 3 scrolls of noise {unknown}
 C - 3 scrolls of fear {unknown}
 F - a scroll of torment {unknown}
 M - 2 scrolls of butterflies {unknown}
 R - a scroll of fog {unknown}
Potions
 b - 2 potions of magic
 c - 7 potions of ambrosia
 h - 4 potions of curing
 l - 2 potions of invisibility
 n - 3 potions of cancellation
 q - a potion of mutation {unknown}
 r - 2 potions of might
 t - 3 potions of haste
 v - a potion of experience
 z - a potion of flight
 D - 2 potions of resistance {unknown}
 K - 2 potions of lignification {unknown}
 L - 3 potions of brilliance {unknown}
 O - 2 potions of heal wounds {unknown}
 Q - 3 potions of berserk rage {unknown}


   Skills:
 - Level 5.0 Armour
 - Level 1.7 Dodging
 - Level 1.7 Stealth
 + Level 12.9 Spellcasting
 + Level 14.3 Conjurations


You had 29 spell levels left.
You knew the following spells:

 Your Spells              Type           Power      Damage    Failure   Level
a - Magic Dart            Conj           100%       1d8       0%          1
b - Searing Ray           Conj           100%       2d8       0%          2
c - Iskenderun's Mystic   Conj/Tloc      69%        2d14      1%          4

Your spell library contained the following spells:

 Spells                   Type           Power      Damage    Failure   Level
 Necrotise                Necr           100%       1d9       1%          1
 Dazzling Flash           Conj/Hex       100%       N/A       1%          3
 Fulminant Prism          Conj/Hex       34%        3d16      1%          4
 Blink                    Tloc           50%        N/A       3%          2
 Tukima's Dance           Hex            25%        N/A       6%          3
 Vampiric Draining        Necr           25%        2d7       6%          3
 Manifold Assault         Tloc           25%        N/A       21%         4
 Passage of Golubria      Tloc           25%        N/A       21%         4
 Agony                    Necr           25%        N/A       50%         5
 Yara's Violent Unravell  Hex/Tmut       12%        3d7       50%         5
 Storm Form               Tmut/Air       12%        N/A       100%        7


Dungeon Overview and Level Annotations

Branches:
Dungeon (10/15)            Temple (0/1) D:7            Lair (3/5) D:10
  Swamp (0/4) Lair:2       Spider (0/4) Lair:2        Sewer (visited)
 Bailey (visited)           IceCv (1/1)
    Orc: D:9-12

Annotations:
IceCv exclusion: ice statue


Innate Abilities, Weirdness & Mutations

You have an increased reservoir of magic. (+10% MP)
You shall have no god before yourself.
Your divine heritage dramatically boosts your attributes as you level up.


Message History

The ice beast misses you.
Unknown command.
The searing ray hits the ice beast!
You kill the ice beast!
The ice beast disappears in a puff of smoke!
The searing ray hits the ice statue.
The ice statue is heavily damaged.
You finish channelling your searing ray.
The ice beast closely misses you.
Casting: Searing Ray (safe; 0% risk of failure)
Confirm with . or Enter, or press ? or * to list all spells.
Aiming: Searing Ray (safe; 0% risk of failure)
Press: ? - help, Shift-Dir - straight line, f/p - ice statue
Aim: an ice statue (heavily damaged, 100% to hit)
The searing ray hits the ice statue.
The ice statue is severely damaged. (Press . to maintain the ray.)
The ice beast hits you but does no damage.
The searing ray hits the ice statue but does no damage.
The ice statue is severely damaged.
The ice statue gestures at you. The freezing blast engulfs you. You resist.
The ice beast barely misses you.
The searing ray hits the ice statue but does no damage.
The ice statue is severely damaged.
You are engulfed in freezing vapours.
You resist. The ice beast completely misses you.
The searing ray hits the ice statue.
The ice statue is severely damaged.
You finish channelling your searing ray.
You are engulfed in freezing vapours.
You resist. The ice statue gestures at you. The bolt of cold hits you!
You resist.
* * * LOW HITPOINT WARNING * * *
You block the ice beast's attack.
Unknown command.
You are engulfed in freezing vapours.
You resist.
* * * LOW HITPOINT WARNING * * *
The ice statue gestures at you. The freezing blast engulfs you! You resist.
You die...

..## #..## #.# ##..##
.## ##..# ## ####..####
.# ##.#....#.## ##
##..........## .#
##............## .###
###.......☼#.....##
...###.......###@☼.....#
##.......#######°○☼....#
#...##### #..Y○°...##
###.# #...§...### ###
#.......### ##8...###
###..# ##.. ##.


You could see an ice statue and an ice beast (summoned).

Vanquished Creatures
  4 death yaks
  A two-headed ogre (D:9)
  A pharaoh ant (Lair:2)
  14 elephants
  2 black mambas (Lair:2)
  A gargoyle (D:10)
  A torpor snail (Lair:1)
  Maggie (D:7)
  Psyche (D:9)
  4 rime drakes
  4 cane toads
  2 kobold demonologists (D:7)
  2 komodo dragons (Lair:2)
  3 polar bears (IceCv)
  A troll (D:10)
  A tyrant leech (Lair:2)
  3 tarantellas (Lair:2)
  A jumping spider (Lair:2)
  A shadow (D:10)
  2 wyverns
  17 yaks
  A basilisk (Lair:1)
  2 steam dragons
  Menkaure (D:5)
  Edmund (D:5)
  2 swamp worms (Lair:2)
  10 water moccasins
  3 orc warriors
  A sky beast (D:6)
  3 black bears
  An ice beast (D:7)
  4 centaurs
  16 wolves
  4 ogres
  A phantom (D:4)
  11 kobold brigands
  3 scorpions (D:5)
  6 bullfrogs
  7 gnoll sergeants
  17 wights
  A howler monkey (D:9)
  5 hounds
  3 jellies (D:6)
  6 gnoll boudas (Bailey)
  4 orc priests
  Ijyb (D:3)
  A sleepcap (D:6)
  4 iguanas
  Terence (D:3)
  9 orc wizards
  18 gnolls
  13 adders
  3 river rats
  2 shadow imps
  3 white imps
  4 worms
  3 dart slugs
  30 orcs
  4 bats
  9 endoplasms
  2 giant cockroaches
  10 goblins
  11 hobgoblins
  2 jackals (D:3)
  16 kobolds
  4 quokkas
  5 ball pythons
  2 frilled lizards (D:2)
  9 rats
346 creatures vanquished.

Vanquished Creatures (others)
  A quokka (D:8)
1 creature vanquished.

Grand Total: 347 creatures vanquished

Notes
Turn   | Place    | Note
-------+----------+-------------------------------------------
     0 | D:1      | McKennaii the Demigod Conjurer began the quest for the Orb.
     0 | D:1      | Reached XP level 1. HP: 14/14 MP: 5/5
   524 | D:1      | Reached XP level 2. HP: 10/20 MP: 0/7
   951 | D:1      | Learned a level 2 spell: Searing Ray
  1151 | D:2      | Reached skill level 4 in Conjurations
  1396 | D:2      | Reached XP level 3. HP: 26/26 MP: 7/9
  2323 | D:3      | Noticed Terence
  2422 | D:3      | Killed Terence
  2423 | D:3      | Reached XP level 4. HP: 33/33 MP: 4/11
  2458 | D:3      | Learned a level 4 spell: Iskenderun's Mystic Blast
  2865 | D:3      | Noticed Ijyb
  2876 | D:3      | Killed Ijyb
  3104 | D:4      | Reached XP level 5. HP: 38/38 MP: 9/13
  3109 | D:4      | Reached skill level 5 in Conjurations
  3217 | D:4      | Noticed an ogre
  3223 | D:4      | Killed an ogre
  3233 | D:4      | Reached XP level 6. HP: 45/45 MP: 3/15
  3876 | D:4      | Identified a scroll of acquirement
  3877 | D:4      | Acquired the amulet of Narojool {Reflect Str+3 Int+3 SH+5}
  3955 | D:5      | Entered Level 5 of the Dungeon
  4134 | D:5      | Reached skill level 6 in Conjurations
  4217 | D:5      | Reached XP level 7. HP: 50/50 MP: 9/17
  4276 | D:5      | Noticed Menkaure
  4282 | D:5      | Killed Menkaure
  4283 | D:5      | Reached skill level 5 in Spellcasting
  4471 | D:5      | Noticed Edmund
  4481 | D:5      | Killed Edmund
  4559 | D:5      | Identified the +1 robe "Cige Wuagaj" {rCorr MP-9 Archmagi}
  4568 | D:5      | Reached skill level 7 in Conjurations
  5291 | D:6      | Reached XP level 8. HP: 49/57 MP: 11/20
  5530 | D:6      | Found a glowing drain.
  5686 | Sewer    | Entered a sewer
  5946 | Sewer    | Reached skill level 8 in Conjurations
  7234 | D:6      | Reached XP level 9. HP: 62/62 MP: 16/24
  7609 | D:6      | Reached skill level 9 in Conjurations
  8085 | D:7      | Noticed Maggie
  8097 | D:7      | Killed Maggie
  8377 | D:7      | Reached skill level 1 in Armour
  8426 | D:7      | Noticed a kobold demonologist
  8428 | D:7      | Noticed a kobold demonologist
  8439 | D:7      | Killed a kobold demonologist
  8440 | D:7      | Killed a kobold demonologist
  8491 | D:7      | Found a flagged portal.
  8528 | Bailey   | Entered a bailey
  8879 | Bailey   | Reached skill level 10 in Conjurations
  9015 | Bailey   | Reached XP level 10. HP: 43/69 MP: 3/27
 10218 | D:7      | Found a staircase to the Ecumenical Temple.
 11534 | D:8      | Reached skill level 5 in Armour
 12299 | D:9      | Noticed Psyche
 12307 | D:9      | Killed Psyche
 12308 | D:9      | Reached skill level 11 in Conjurations
 12477 | D:9      | Noticed a two-headed ogre
 12492 | D:9      | Killed a two-headed ogre
 13291 | D:10     | Entered Level 10 of the Dungeon
 13331 | D:10     | Reached skill level 10 in Spellcasting
 13711 | D:10     | Reached XP level 11. HP: 70/74 MP: 12/29
 13965 | D:10     | Found a staircase to the Lair.
 14251 | D:10     | Noticed a boulder beetle
 14268 | D:10     | Noticed a boulder beetle
 14268 | D:10     | Noticed a tengu warrior
 14268 | D:10     | Noticed a boulder beetle
 14779 | Lair:1   | Entered Level 1 of the Lair of Beasts
 14855 | Lair:1   | Identified the +0 chain mail of the Great Game {Will+}
 15221 | Lair:1   | Reached skill level 12 in Conjurations
 15457 | Lair:1   | Noticed a death yak
 15606 | D:10     | Killed a death yak
 16848 | Lair:2   | Noticed a pharaoh ant
 16856 | Lair:2   | Killed a pharaoh ant
 17071 | Lair:2   | Reached skill level 13 in Conjurations
 17417 | Lair:2   | Reached XP level 12. HP: 75/81 MP: 13/32
 18099 | Lair:2   | Found a hole to the Spider Nest.
 18259 | Lair:2   | Found a staircase to the Swamp.
 18283 | Lair:2   | Identified the +1 leather armour of the Foremost Portals
                  | {Contam rN++}
 18811 | Lair:3   | Found a frozen archway.
 18939 | IceCv    | Entered an ice cave
 18955 | IceCv    | Reached skill level 14 in Conjurations
 20222 | IceCv    | Killed from afar by an ice statue

Illustrated notes

Levels and vault maps discovered:
D:1:      dpeg_arrival_erosion, layout_basic
D:2:      layout_basic, minmay_tripent
D:3:      layout_loops_ring, nicolae_wu_jian_wuxing_cycle, serial_bayou_pond_d,
          uniq_ijyb, uniq_terence
D:4:      layout_basic, lemuel_round_altar, kennysheep_slug_shrine,
          minmay_misc_feat_hallway, nicolae_kite_square_tiling_tiny
D:5:      layout_loops_corners, uniq_menkaure, uniq_edmund
D:6:      layout_loops_ring, kennysheep_mini, portal_sewer_entry_c,
          hangedman_decor_lopped, serial_bayou_crossing
D:7:      layout_loops_ring, old_standard_altar, temple_green, enter_bailey_3,
          serial_park_tiny_2, uniq_maggie
D:8:      layout_gridville, elyvilon_altar_4
D:9:      layout_basic, mainiacjoe_overflow_24_doors,
          mainiacjoe_overflow_catwalk, chequers_serial_rivers_small_a,
          uniq_psyche
D:10:     layout_grid_maze, due_lair_maze_entry_diamond, minivault_12
Lair:1:   layout_long_grid, grunt_megastairs_3
Lair:2:   layout_hall_layers, swamp_mist, nicolae_spider_entry_lesser_pyramids,
          worms_lemuel
Lair:3:   lemuel_ratsnest, layout_small_grid, portal_ice_cave_rime,
          beast_lair_carwin_10, infiniplex_staircase_pool_2
IceCv:    ice_cave_small_giant

Skill      XL: |  1  2  3  4  5  6  7  8  9 10 11 12 |
---------------+-------------------------------------+-----
Spellcasting   | 2 3 4 6 7 8 10 11 12 | 12.9
Conjurations   | 4 5 6 7 8 10 11 13 14 | 14.3
Armour         | 3 5 |  5.0
Dodging        | |  1.7
Stealth        | |  1.7

Action                     |  1- 3 |  4- 6 |  7- 9 | 10-12 || total
---------------------------+-------+-------+-------+-------++-------
  Melee: Unarmed           |     2 |       |       |       ||     2
         Flail             |       |       |    20 |    50 ||    70
         Punch             |       |       |       |     1 ||     1
   Cast: Magic Dart        |    73 |   100 |   162 |   195 ||   530
         Searing Ray       |     2 |    12 |    64 |   127 ||   205
         Iskenderun's Myst |       |       |     5 |   129 ||   134
    Use: Scroll            |       |     8 |     3 |     9 ||    20
         Potion            |       |       |       |     1 ||     1
 Armour: Robe              |     1 |     9 |    16 |       ||    26
         Acid dragon scale |       |       |    32 |   117 ||   149
  Dodge: Dodged            |     9 |    16 |    74 |   227 ||   326
  Block: Other             |       |     1 |    34 |    84 ||   119
         Reflection        |       |       |     8 |     1 ||     9
